 Dungeon Crawl Stone Soup version 0.25-a0-100-g33052ceff8 (webtiles) character file.

Game seed: 12048008501597597527, levelgen mode: deterministic

5827 Cinder the Cleaver (level 10, -2/94 HPs)
             Began as a Minotaur Berserker on Nov 14, 2019.
             Was a High Priest of Trog.
             Killed from afar by a gargoyle (24 damage)
             ... with a stone arrow
             ... on level 10 of the Dungeon.
             The game lasted 00:16:44 (10437 turns).

Cinder the Cleaver (Minotaur Berserker)            Turns: 10437, Time: 00:16:44

Health: -2/94      AC: 12    Str: 24    XL:     10   Next: 51%
Magic:  9/9        EV:  5    Int:  5    God:    Trog [*****.]
Gold:   533        SH: 11    Dex: 10    Spells: 9/9 levels left

rFire    . . .     SeeInvis .   r - +0 war axe
rCold    . . .     Gourm    .   K - +0 shield
rNeg     + . .     Faith    .   k - +0 plate armour
rPois    +         Spirit   .   (helmet restricted)
rElec    .         Reflect  .   i - +0 cloak
rCorr    .         Harm     .   (no gloves)
MR       .....                  (no boots)
Stlth    ..........             (no amulet)
HPRegen  0.25/turn              P - ring of poison resistance
MPRegen  0.11/turn              F - ring of positive energy

@: no status effects
A: retaliatory headbutt, horns 2
a: Berserk, Trog's Hand, Brothers in Arms, Renounce Religion


You were on level 10 of the Dungeon.
You worshipped Trog.
Trog was extremely pleased with you.
You were very hungry.

You visited 2 branches of the dungeon, and saw 11 of its levels.

You collected 533 gold pieces.

Inventory:

Hand Weapons
 b - a +2 dagger of venom
 r - a +0 war axe (weapon)
 v - a +0 hand axe of chopping
Missiles
 d - 320 stones (quivered)
 m - 2 throwing nets
 N - 34 poisoned darts
Armour
 i - a +0 cloak (worn)
 k - a +0 plate armour (worn)
 K - a +0 shield (worn)
Jewellery
 B - a +3 ring of strength
 F - a ring of positive energy (right hand)
 P - a ring of poison resistance (left hand)
Wands
 n - a wand of random effects (48)
 t - a wand of enslavement (14)
 H - a wand of acid (8)
 L - a wand of flame (25)
Scrolls
 a - 2 scrolls of teleportation
 e - 3 scrolls of fog
 f - a scroll of fear {unknown}
 h - 4 scrolls of immolation
 j - 3 scrolls of blinking {unknown}
 o - 5 scrolls of remove curse
 p - 2 scrolls of vulnerability {unknown}
 q - 2 scrolls of noise
 w - 10 scrolls of identify
 x - 3 scrolls of magic mapping {unknown}
 A - a scroll of enchant armour {unknown}
 E - 2 scrolls of random uselessness {unknown}
 O - a scroll of acquirement {unknown}
Potions
 g - 3 potions of agility
 l - a potion of flight
 s - 4 potions of curing
 u - 3 potions of haste
 z - a potion of heal wounds
 C - a potion of ambrosia {unknown}
 D - 3 potions of lignification {unknown}
 G - a potion of invisibility {unknown}
 I - a potion of berserk rage {unknown}
 J - 3 potions of cancellation {unknown}
 M - a potion of mutation {unknown}
Miscellaneous
 y - a lightning rod (4/4)
Comestibles
 c - 18 rations


   Skills:
 + Level 10.6 Fighting
 * Level 14.0 Axes
 - Level 2.4 Armour
 - Level 2.1 Dodging
 + Level 7.4 Shields


You had 9 spell levels left.
You didn't know any spells.
Your spell library was empty.

Dungeon Overview and Level Annotations

Branches:
Dungeon (10/15)            Temple (1/1) D:7
   Lair: D:8-11         Orc: D:9-12

Altars:
Fedhas
Makhleb
Uskayaw

Annotations:
D:3 1 runed translucent door, Crazy Yiuf
D:4 4 runed translucent doors, Edmund, Menkaure
D:10 1 transporter


Innate Abilities, Weirdness & Mutations

You reflexively headbutt those who attack you in melee.
You have a pair of horns on your head.


Message History

The gargoyle hurls a stone arrow at you.
You block the stone arrow.
Unknown command.
You hit the gargoyle but do no damage.
The gargoyle is lightly damaged.
The gargoyle hits you with a +0 flail!
You barely miss the gargoyle.
The gargoyle is lightly damaged.
You hit the gargoyle but do no damage.
You headbutt the gargoyle, but do no damage.
The gargoyle is lightly damaged.
The gargoyle hits you with a +0 flail!
* * * LOW HITPOINT WARNING * * *
Unknown command.
You hit the gargoyle.
You headbutt the gargoyle, but do no damage.
The gargoyle is lightly damaged.
The gargoyle hurls a stone arrow at you.
The stone arrow hits you!!
You die...

#.h# #.#.#.#.#
+.#.# #.#.#.##.#
#..#.#.#.### #.#
#.#.#O#9#.# ##.#
#.©#####.# ##..#
..####...#####..##
...............##
....###.########
.. #@# #)9......
##....... .......
....... .......
....... .......


You could see an ogre mage and 2 gargoyles.

Vanquished Creatures
  A two-headed ogre (D:8)
  Maurice (D:8)
  A merfolk (D:10)
  2 hippogriffs
  Sigmund (D:2)
  Eustachio (D:5)
  A hungry ghost (D:8)
  A water moccasin (D:10)
  2 ice beasts
  4 phantoms
  2 orc warriors
  A necrophage (D:7)
  A sky beast (D:9)
  6 ogres
  3 centaurs
  A crocodile (D:9)
  Blork the orc (D:4)
  A big kobold (D:7)
  4 bullfrogs
  7 scorpions
  6 killer bees (D:7)
  A howler monkey (D:9)
  A crimson imp (D:5)
  A bullfrog zombie (D:7)
  A centaur skeleton (D:9)
  5 hounds
  2 jellies
  5 orc priests
  4 orc wizards
  An iguana (D:10)
  4 worker ants
  2 worker ant zombies
  Robin (D:2)
  A howler monkey skeleton (D:6)
  4 gnolls (D:6)
  12 adders
  5 shadow imps
  3 adder skeletons
  An adder zombie (D:7)
  4 worms
  A dart slug (D:2)
  3 leopard geckos
  20 orcs
  4 giant cockroaches
  13 goblins
  8 hobgoblins
  9 jackals
  12 kobolds
  2 quokkas
  4 ball pythons
  5 bats
  6 frilled lizards
  A jackal zombie (D:6)
  A quokka zombie (D:5)
  3 rats
198 creatures vanquished.

Notes
Turn   | Place    | Note
-------+----------+-------------------------------------------
     0 | D:1      | Cinder the Minotaur Berserker began the quest for the Orb.
     0 | D:1      | Reached XP level 1. HP: 19/19 MP: 0/0
   180 | D:1      | Reached skill level 4 in Axes
   263 | D:1      | Reached XP level 2. HP: 27/27 MP: 1/1
   694 | D:2      | Reached XP level 3. HP: 33/33 MP: 2/2
   748 | D:2      | Reached ** piety under Trog
   760 | D:2      | Found a burning altar of Makhleb.
   826 | D:2      | Reached skill level 5 in Axes
   835 | D:2      | Reached XP level 4. HP: 34/41 MP: 3/3
   908 | D:2      | Noticed Sigmund
   921 | D:2      | Killed Sigmund
   921 | D:2      | Reached skill level 5 in Fighting
   921 | D:2      | Reached skill level 6 in Axes
   921 | D:2      | Reached XP level 5. HP: 27/48 MP: 4/4
  1135 | D:2      | Noticed Robin
  1214 | D:2      | Reached skill level 7 in Axes
  1365 | D:2      | Killed Robin
  1365 | D:2      | Reached XP level 6. HP: 56/56 MP: 5/5
  1759 | D:3      | Found a runed translucent door.
  1760 | D:3      | Noticed Crazy Yiuf
  1947 | D:3      | Found a blossoming altar of Fedhas.
  2276 | D:4      | Found a large runed translucent door.
  2276 | D:4      | Noticed Edmund
  2277 | D:4      | Noticed Menkaure
  2279 | D:4      | Found a large runed translucent door.
  2554 | D:4      | Found a large runed translucent door.
  2554 | D:4      | Found a large runed translucent door.
  2671 | D:4      | Reached *** piety under Trog
  3188 | D:4      | Noticed Blork the orc
  3198 | D:4      | Killed Blork the orc
  3198 | D:4      | Reached skill level 8 in Axes
  3463 | D:4      | Reached XP level 7. HP: 54/64 MP: 6/6
  3570 | D:5      | Entered Level 5 of the Dungeon
  3915 | D:5      | Reached skill level 9 in Axes
  4283 | D:5      | Noticed Eustachio
  4308 | D:5      | Killed Eustachio
  4308 | D:5      | Reached XP level 8. HP: 67/73 MP: 7/7
  4502 | D:5      | Reached skill level 10 in Axes
  4844 | D:6      | Reached skill level 1 in Shields
  5617 | D:6      | Reached skill level 11 in Axes
  5900 | D:7      | Reached **** piety under Trog
  5901 | D:7      | Found a staircase to the Ecumenical Temple.
  6224 | Temple   | Entered the Ecumenical Temple
  6497 | D:7      | Reached XP level 9. HP: 79/82 MP: 8/8
  6670 | D:7      | HP: 4/82 [killer bee (5)]
  7106 | D:7      | Reached skill level 12 in Axes
  7414 | D:8      | Reached skill level 5 in Shields
  7841 | D:8      | Noticed a two-headed ogre
  8097 | D:8      | Reached ***** piety under Trog
  8331 | D:8      | Killed a two-headed ogre
  8331 | D:8      | Reached skill level 13 in Axes
  8355 | D:8      | Reached XP level 10. HP: 82/93 MP: 9/9
  8426 | D:8      | Noticed Maurice
  8559 | D:8      | Killed Maurice
  8559 | D:8      | Reached skill level 10 in Fighting
  8986 | D:8      | Found a hide-covered altar of Uskayaw.
  9900 | D:10     | Entered Level 10 of the Dungeon
 10206 | D:10     | Received a gift from Trog
 10393 | D:10     | Noticed a storm dragon
 10395 | D:10     | Noticed a skeletal warrior
 10407 | D:10     | Found a transporter.
 10409 | D:10     | Noticed an ogre mage
 10410 | D:10     | Noticed a gargoyle
 10413 | D:10     | Noticed a gargoyle
 10431 | D:10     | Reached skill level 14 in Axes
 10437 | D:10     | Killed from afar by a gargoyle

Levels and vault maps discovered:
D:1:      dpeg_arrival_more_subterranean_lakeside_camping, layout_basic,
          serial_bayou_ford_a
D:2:      layout_basic, bloody_makhleb, uniq_robin, uniq_sigmund
D:3:      layout_loops_ring, fedhas_altar_2, uniq_crazy_yiuf_cottage
D:4:      layout_basic, minmay_hollow_rounded_squares, uniq_blork_the_orc,
          uniq_edmund, uniq_menkaure
D:5:      layout_loops_cross, first_ration, minmay_fractal_squares_gapless_5,
          uniq_eustachio
D:6:      layout_basic
D:7:      layout_gridville, minmay_temple_entry_slanted
D:8:      layout_basic, lemuel_doored_altar, uniq_maurice
D:9:      layout_roguey
D:10:     gammafunk_the_bubble [the_bubble_gammafunk_grid], layout_cave_pods,
          hangedman_fish_farm, okawaru_humans
Temple:   regret_index_temple_sigil_plot

Skill      XL: |  1  2  3  4  5  6  7  8  9 10 |
---------------+-------------------------------+-----
Axes           | 4 5 6 7 8 9 11 13 14 | 14.0
Fighting       | 4 5 6 7 8 9 10 | 10.6
Shields        | 3 6 7 |  7.4
Armour         | |  2.4
Dodging        | |  2.1

Action                   |  1- 3 |  4- 6 |  7- 9 | 10-12 || total
-------------------------+-------+-------+-------+-------++-------
Melee: Hand axe          |    68 |   158 |   346 |    72 ||   644
       Headbutt          |     8 |    25 |    58 |    26 ||   117
       War axe           |       |       |       |    77 ||    77
Evoke: Wand              |       |       |     7 |     5 ||    12
       Lightning rod     |       |       |     1 |       ||     1
  Use: Scroll            |       |       |     8 |       ||     8
       Potion            |       |       |     7 |       ||     7
  Eat: Chunk             |       |     8 |     9 |     8 ||    25
       Ration            |       |       |     2 |       ||     2
Armor: Animal skin       |     3 |       |       |       ||     3
       Chain mail        |    30 |    66 |    92 |       ||   188
       Plate armour      |       |       |    18 |    40 ||    58
Dodge: Dodged            |    27 |    49 |    90 |    17 ||   183
Block: Shield            |       |       |   109 |    58 ||   167

Table legend:
 A = Non-vault XP
 B = Vault XP
 C = Vault XP percentage of total XP
 D = Non-vault monster count
 E = Vault monster count
 F = Vault count percentage of total count
                 A         B        C        D         E       F
            +---------+---------+-------+---------+---------+-------
      Total |    6707 |    1618 |  19.4 |     174 |      24 |  12.1
            +---------+---------+-------+---------+---------+-------
        D:1 |      32 |       0 |   0.0 |      19 |       0 |   0.0
        D:2 |     102 |     268 |  72.4 |      24 |      13 |  35.1
        D:3 |      31 |       0 |   0.0 |      10 |       0 |   0.0
        D:4 |     144 |     285 |  66.4 |      12 |       6 |  33.3
        D:5 |     574 |     318 |  35.7 |      10 |       3 |  23.1
        D:6 |     683 |       0 |   0.0 |      15 |       0 |   0.0
        D:7 |    1785 |       0 |   0.0 |      33 |       0 |   0.0
        D:8 |    1667 |     449 |  21.2 |      26 |       1 |   3.7
        D:9 |     823 |       0 |   0.0 |      10 |       0 |   0.0
       D:10 |     866 |     298 |  25.6 |      15 |       1 |   6.2
            +---------+---------+-------+---------+---------+-------
